[Event "*** Titled Tuesday Blitz"]
[Site "Chess.com"]
[Date "2020.04.07"]
[Round "2"]
[White "SmirnovAlexandrA"]
[Black "adricalderon8"]
[Result "1/2-1/2"]
[WhiteElo "2196"]
[BlackElo "2437"]
[TimeControl "180+1"]
[EndTime "13:18:10 PDT"]
[Termination "Game drawn by agreement"]

1. e4 c5 2. Nf3 Nc6 3. d4 cxd4 4. Nxd4 g6 5. Nc3 Bg7 6. Be3 Nf6 7. Bc4 O-O 8. Bb3 Re8 9. O-O d6 10. h3 Na5 11.
Qe2 b6 12. Rad1 Bb7 13. Nd5 Nxb3 14. Nxf6+ Bxf6 15. axb3 Bxe4 16. Rfe1 Bb7 17. c3 Qd7 18. b4 a5 19. bxa5 bxa5 20. Ra1 a4 21. Qc4 Rec8 22. Qb4 Bd5 23. Red1 Qb7 24. Qxb7 Bxb7 25. Ra3 Bd5 26. Rda1 Rcb8 27. Bc1 Bxd4 28. cxd4 Rb4 29. Be3 Bb3 30. Rc1 Rc4 31. Rxc4 Bxc4 32. Bd2 Bb3 33. Ra1 Rc8 34.
Rc1 Rxc1+ 35. Bxc1 f5 36. Kf1 Kf7 37. Ke2 Ke6 38. Kd3 Kd5 39. Bg5 e5 40. dxe5 dxe5 41. Bf6 Bc4+ 42. Ke3 Bf1 43. Kf3 Kd4 44. h4 Bc4 45. g3 Bd5+ 46. Ke2 Be4 47. f4 Bd5 48. Bxe5+ Ke4 49. Bf6 Bc4+ 50. Kf2 Bd5 51. Bg7 1/2-1/2

[Event "*** Titled Tuesday Blitz"]
[Site "Chess.com"]
[Date "2020.04.07"]
[Round "2"]
[White "Haykos"]
[Black "Paralinch"]
[Result "0-1"]
[WhiteElo "2596"]
[BlackElo "2941"]
[TimeControl "180+1"]
[EndTime "13:18:11 PDT"]
[Termination "Paralinch won by checkmate"]

1. e4 c5 2. Nf3 e6 3. d4 cxd4 4. Nxd4 Nf6 5. Nc3 Nc6 6. Be3 Bb4 7. Nxc6 bxc6 8. Bd3 d5 9. exd5 exd5 10. a3 Ba5 11.
Be2 Ne4 12. Qd4 O-O 13. O-O c5 14. Qxd5 Nxc3 15. Qxa8 Nxe2+ 16. Kh1 Nd4 17. b4 Bb6 18. bxc5 Bxc5 19. Rfd1 Qf6 20. Qd5 Nxc2 21. Bxc5 Re8 22. Rac1 Bf5 23. Qc4 Qg6 24. f3 h5 25. Rd2 Ne1 26.
Rcd1 Kh7 27. Bf2 Qxg2# 0-1

[Event "*** Titled Tuesday Blitz"]
[Site "Chess.com"]
[Date "2020.04.07"]
[Round "2"]
[White "EnergeticHay"]
[Black "VincentKeymer"]
[Result "0-1"]
[WhiteElo "2182"]
[BlackElo "2640"]
[TimeControl "180+1"]
[EndTime "13:18:12 PDT"]
[Termination "VincentKeymer won by resignation"]

1. e4 c5 2. Nf3 e6 3. d4 cxd4 4. Nxd4 a6 5. c4 Nf6 6. Nc3 Qc7 7. Be2 Bb4 8. Nc2 Bxc3+ 9. bxc3 d6 10. f3 Nbd7 11.
O-O O-O 12. Be3 Rd8 13. Qd2 h6 14. g4 b5 15. cxb5 axb5 16. Bxb5 Ba6 17. Bxa6 Rxa6 18. Nb4 Ra5 19. Kg2 Ne5 20. Rac1 Nc4 21. Qe2 d5 22.
Rfd1 Nxe3+ 23. Qxe3 dxe4 24. Rxd8+ Qxd8 25. fxe4 Nxg4 26. Qf4 Rg5 27. Kh1 Qc7 28. Rf1 e5 29. Qf3 f5 30. Nd5 Qd6 31. c4 f4 32. h3 Nf6 33.
Rg1 Rxg1+ 34. Kxg1 Qc5+ 35. Kg2 Qxc4 36. Nxf6+ gxf6 37. Qb3 Qxb3 38. axb3 Kf7 39. Kf3 Ke6 40. b4 h5 41. h4 Kd6 42. Ke2 Kc6 43. Kd3 Kb5 44.
Kc3 f3 45. Kd3 Kxb4 46. Ke3 Kc4 47. Kxf3 Kd4 0-1

[Event "*** Titled Tuesday Blitz"]
[Site "Chess.com"]
[Date "2020.04.07"]
[Round "2"]
[White "Filip_Covic"]
[Black "DeGrootteZ"]
[Result "0-1"]
[WhiteElo "2342"]
[BlackElo "2691"]
[TimeControl "180+1"]
[EndTime "13:18:12 PDT"]
[Termination "DeGrootteZ won on time"]

1. d4 d5 2. c4 e6 3. Nc3 Nf6 4. cxd5 exd5 5. Bg5 c6 6. e3 Bd6 7. Bd3 O-O 8. Nge2 Re8 9. Qc2 h6 10. Bf4 Bf8 11. h3 a5 12. O-O Na6 13. a3 Nc7 14.
Rae1 Ne6 15. Bh2 b5 16. Nf4 Ng5 17. f3 Bd7 18. e4 Qb6 19. Qf2 dxe4 20. Nxe4 Nd5 21.
Nxd5 cxd5 22. Nc5 Bxh3 23. f4 Ne6 24. Nxe6 Bxe6 25. f5 Bd7 26. f6 Qxf6 27. Qxf6 gxf6 28. Rxe8 Rxe8 29. Rxf6 Re6 30. Rf4 b4 31. Rg4+ Kh8 32. axb4 Re7 33. Rg3 axb4 34. Rf3 Bg7 35. Rf4 Re3 0-1

[Event "*** Titled Tuesday Blitz"]
[Site "Chess.com"]
[Date "2020.04.07"]
[Round "2"]
[White "JustaTrickstar"]
[Black "aa175"]
[Result "1-0"]
[WhiteElo "2652"]
[BlackElo "2253"]
[TimeControl "180+1"]
[EndTime "13:18:13 PDT"]
[Termination "JustaTrickstar won on time"]

1. c4 Nf6 2. Nc3 d5 3. cxd5 Nxd5 4. Nf3 g6 5. h4 h5 6. e4 Nxc3 7. dxc3 Qxd1+ 8. Kxd1 Nc6 9. Bf4 Bg4 10. Bxc7 e5 11.
Bb5 f6 12. Kc2 Bc5 13. Bxc6+ bxc6 14. Nd2 Bxf2 15. Raf1 Be3 16. Rxf6 Bf4 17. Rxg6 Rc8 18. Ba5 Ke7 19. Nc4 Be6 20. g3 Bf7 21. Rg7 Bxg3 22. Rf1 Rcf8 23. Bb4+ Ke8 24. Nd6+ 1-0

[Event "*** Titled Tuesday Blitz"]
[Site "Chess.com"]
[Date "2020.04.07"]
[Round "2"]
[White "1977Ivan"]
[Black "awesomevishesh"]
[Result "1-0"]
[WhiteElo "2734"]
[BlackElo "2473"]
[TimeControl "180+1"]
[EndTime "13:18:15 PDT"]
[Termination "1977Ivan won on time"]

1. e4 c5 2. Be2 Nc6 3. d3 g6 4.
f4 Bg7 5. Nf3 d6 6. O-O Nf6 7. Qe1 O-O 8. Qh4 b5 9. f5 Qb6 10. Kh1 Nd4 11. Bd1 Nxf3 12. Bxf3 Rb8 13. Bh6 c4 14. Nc3 b4 15. Ne2 cxd3 16. cxd3 Ba6 17.
Rad1 Rbc8 18. g4 Rc2 19. g5 Nd7 20. Bxg7 Kxg7 21. Bg4 gxf5 22. Bxf5 Rh8 23. Nf4 Ne5 24.
Qh6+ Kg8 25. Nh5 1-0

[Event "*** Titled Tuesday Blitz"]
[Site "Chess.com"]
[Date "2020.04.07"]
[Round "2"]
[White "VitaliyBernadskiy"]
[Black "GameOverBro"]
[Result "1-0"]
[WhiteElo "2736"]
[BlackElo "2498"]
[TimeControl "180+1"]
[EndTime "13:18:16 PDT"]
[Termination "VitaliyBernadskiy won by resignation"]

1. e4 d6 2. d4 Nf6 3. Nc3 e5 4. Nf3 Nbd7 5. Bc4 Be7 6. O-O c6 7. Re1 h6 8. a4 Qc7 9. Be3 Nf8 10. a5 Ng6 11. a6 b5 12. Bb3 O-O 13. h3 Rb8 14. Nd2 exd4 15. Bxd4 Be6 16. Be3 c5 17.
Nd5 Bxd5 18. Bxd5 Nxd5 19. exd5 Bf6 20. c3 Rfe8 21. Nb3 Ne5 22. Na5 Nc4 23. Nxc4 bxc4 24. Re2 Re4 25. Qa4 Qb6 26. Rae1 Qb3 27. Qd7 Qb6 28.
Qa4 Rbe8 29. Kf1 Qc7 30. Bc1 Rxe2 31. Rxe2 Rxe2 32. Kxe2 Kf8 33. Qxc4 Be5 34. Be3 h5 35.
b4 Qe7 36. bxc5 dxc5 37. Qxc5 Bd6 38. Qc8+ 1-0

[Event "*** Titled Tuesday Blitz"]
[Site "Chess.com"]
[Date "2020.04.07"]
[Round "2"]
[White "KarstenHansch"]
[Black "XDPS"]
[Result "0-1"]
[WhiteElo "2403"]
[BlackElo "2704"]
[TimeControl "180+1"]
[EndTime "13:18:16 PDT"]
[Termination "XDPS won by resignation"]

1. e4 c5 2. Nf3 d6 3. Bb5+ Bd7 4. Bxd7+ Nxd7 5. O-O Ngf6 6. Qe2 e6 7. c3 Be7 8. d4 O-O 9. Bg5 Rc8 10. Nbd2 a6 11.
Rad1 Re8 12. dxc5 Rxc5 13. Nb3 Rc7 14. e5 dxe5 15. Nxe5 Qc8 16. Nxd7 Rxd7 17. Rxd7 Qxd7 18. Rd1 Qc7 19. Bh4 Rd8 20. Bg3 Qc8 21. Rxd8+ Qxd8 22. Qd2 Qxd2 23. Nxd2 Kf8 24. f3 Ke8 25. Kf2 Bc5+ 26. Ke2 Kd7 27. Be5 Be7 28. Kd3 Ne8 29. Bd4 f6 30.
Ne4 Kc6 31. f4 Nc7 32. g3 Nd5 33. a3 Bd8 34. c4 Nc7 35. b4 b5 36. Bc5 f5 37. Nc3 g5 38. cxb5+ axb5 39. fxg5 Bxg5 40.
a4 bxa4 41. Nxa4 e5 42. g4 e4+ 43. Kd4 Bf6+ 44. Ke3 Nd5+ 45. Kf2 f4 46. Bf8 Bh4+ 47. Ke2 f3+ 48. Kd2 e3+ 0-1

[Event "*** Titled Tuesday Blitz"]
[Site "Chess.com"]
[Date "2020.04.07"]
[Round "2"]
[White "Mazetovic"]
[Black "GGX0X0"]
[Result "1-0"]
[WhiteElo "2631"]
[BlackElo "2328"]
[TimeControl "180+1"]
[EndTime "13:18:17 PDT"]
[Termination "Mazetovic won by resignation"]

1. e4 c6 2. Nf3 d5 3. Nc3 Bg4 4. h3 Bxf3 5. Qxf3 e6 6. d4 dxe4 7.
Nxe4 Nf6 8. Nxf6+ Qxf6 9. Qxf6 gxf6 10. g3 f5 11. g4 fxg4 12. hxg4 Bg7 13. Be3 Nd7 14.
g5 O-O-O 15. O-O-O Nb6 16. c3 Nd5 17. Bd2 e5 18.
dxe5 Bxe5 19. Rh4 f6 20. f4 fxg5 21. fxg5 Kb8 22. Kc2 Ne7 23. Re4 Ng6 24. Bd3 Rd7 25. Re2 Rhd8 26. Bxg6 Rxd2+ 27. Rdxd2 Rxd2+ 28. Rxd2 hxg6 29. Rd8+ Kc7 30. Rg8 Bf4 31. Rxg6 a5 32. Rg8 a4 33. g6 Kd7 34. g7 Be5 35. Rd8+ Kxd8 36. g8=Q+ Kc7 37.
Qe6 Bd6 38. b4 axb3+ 39. axb3 b5 40. b4 c5 41. c4 bxc4 42. Qxc4 Kc6 43. bxc5 Bxc5 44.
Kd3 Kd6 45. Ke4 Bf2 46. Qd5+ Ke7 47. Kf5 Kf8 48. Qe6 Bc5 49. Qd7 Be7 50. Kg6 1-0

[Event "*** Titled Tuesday Blitz"]
[Site "Chess.com"]
[Date "2020.04.07"]
[Round "2"]
[White "FranciscodelaF"]
[Black "ersekitamara"]
[Result "0-1"]
[WhiteElo "2377"]
[BlackElo "1905"]
[TimeControl "180+1"]
[EndTime "13:18:17 PDT"]
[Termination "ersekitamara won by resignation"]

1. d4 Nf6 2. c4 e6 3. Nc3 Bb4 4. e3 d6 5. Ne2 O-O 6. a3 Bxc3+ 7.
Nxc3 Nc6 8. d5 Ne7 9. Bd3 e5 10.
O-O Ng6 11. Qc2 Ng4 12. h3 Nh6 13. f4 exf4 14. exf4 Qh4 15. Ne4 Bf5 16. Qf2 Qxf2+ 17.
Kxf2 Rfe8 18. Kf3 Nh4+ 19. Kg3 Bxe4 20. Bxe4 Rxe4 21. Kxh4 Rxc4 22. Kg3 Re8 23. Kf3 Nf5 24. Bd2 Nd4+ 25. Kg3 Rc2 26. Rae1 Rxe1 27. Rxe1 Kf8 28. Bc3 Ne2+ 29. Kf3 Nxc3 30. bxc3 Rxc3+ 31. Ke4 Rxa3 32. Rb1 b6 33. Rc1 a5 34. Rxc7 b5 35. Rd7 b4 36.
Rxd6 b3 37. Rb6 a4 38. d6 Ke8 39.
Kd5 Ra1 40. Rb8+ Kd7 41. Rb7+ Kc8 42. Rxf7 b2 43. Rf8+ Kb7 44. Rf7+ Ka6 45. d7 Rd1+ 46. Kc6 b1=Q 0-1

[Event "*** Titled Tuesday Blitz"]
[Site "Chess.com"]
[Date "2020.04.07"]
[Round "2"]
[White "Superfelix"]
[Black "joppie2"]
[Result "0-1"]
[WhiteElo "2499"]
[BlackElo "3012"]
[TimeControl "180+1"]
[EndTime "13:18:18 PDT"]
[Termination "joppie2 won by resignation"]

1. e4 c5 2. Nf3 g5 3. Bc4 e6 4. h3 h6 5. d4 cxd4 6. Qxd4 Nf6 7.
Nc3 Nc6 8. Qd1 Bb4 9. e5 Qa5 10. O-O Nxe5 11. Nb5 Nxc4 12. Qd4 Qxb5 13. Qxf6 Rh7 14. a4 Qc6 15. b3 Be7 16. Qd4 Nd6 17. Re1 Nf5 18. Qd3 d6 19. g4 b6 20. gxf5 Bb7 21. Re3 e5 22. f6 e4 23. Nd4 Qd5 24.
Qb5+ Qxb5 25. Nxb5 Bxf6 26. Nxd6+ Kd7 27. Ba3 Bxa1 28. Nxb7 f5 29. Nd6 Ke6 30. f3 Bd4 0-1

[Event "*** Titled Tuesday Blitz"]
[Site "Chess.com"]
[Date "2020.04.07"]
[Round "2"]
[White "TheBigBadChessDad"]
[Black "csati17"]
[Result "1-0"]
[WhiteElo "2278"]
[BlackElo "2476"]
[TimeControl "180+1"]
[EndTime "13:18:18 PDT"]
[Termination "TheBigBadChessDad won by resignation"]

1. d4 Nf6 2. Nf3 g6 3. Bg5 Ne4 4. Bf4 Bg7 5. Nbd2 Nxd2 6. Qxd2 O-O 7. Bh6 d6 8. h4 f6 9. Bxg7 Kxg7 10. h5 g5 11. h6+ Kh8 12. e4 Bg4 13. Bd3 Bxf3 14.
gxf3 e5 15. c3 Nc6 16. Bf1 exd4 17. cxd4 d5 18. O-O-O Qd6 19. Bh3 dxe4 20. fxe4 Rad8 21. d5 Ne5 22. Kb1 Nc4 23. Qc3 b5 24. b3 Na3+ 25. Kb2 b4 26. Qd4 Nb5 27. Qc4 Nc3 28. Rd4 Rb8 29.
Bf5 Qf4 30. Rc1 Qxf2+ 31. Rc2 Qf4 32. d6 Rbd8 33. Qxc7 Nd1+ 34. Rxd1 Qe5+ 35. Kb1 1-0

[Event "*** Titled Tuesday Blitz"]
[Site "Chess.com"]
[Date "2020.04.07"]
[Round "2"]
[White "Magician4MA"]
[Black "Sjakkerntobi"]
[Result "1-0"]
[WhiteElo "2478"]
[BlackElo "2241"]
[TimeControl "180+1"]
[EndTime "13:18:18 PDT"]
[Termination "Magician4MA won by resignation"]

1. e4 c5 2. Nf3 e6 3. d4 cxd4 4. Nxd4 Nc6 5. Nc3 Qc7 6. Be3 a6 7. Qd2 Nf6 8. O-O-O Bb4 9. f3 b5 10. Kb1 O-O 11. g4 Bb7 12. g5 Ne8 13. a3 Bxc3 14.
Qxc3 Rc8 15. Nb3 Ne5 16. Qxc7 Rxc7 17. Be2 d5 18. Nc5 Ba8 19. b4 Nd6 20. Bf4 f6 21.
gxf6 gxf6 22. Nxe6 Rc3 23. Rhg1+ Kf7 24. Nxf8 Kxf8 25.
exd5 Rxa3 26. Rg3 Nec4 27. Bxd6+ Nxd6 28. Kb2 Re3 29. Bd3 Bxd5 30. Bxh7 Nc4+ 31. Kb1 Na3+ 32.
Kc1 Bf7 33. Rd3 Re1+ 34. Kd2 Ra1 35. Rd8+ Ke7 36. Rd3 Nc4+ 37. Ke2 Rc1 38. Rd1 Rxc2+ 39.
Bxc2 1-0

[Event "*** Titled Tuesday Blitz"]
[Site "Chess.com"]
[Date "2020.04.07"]
[Round "2"]
[White "Chesstrainer1"]
[Black "renanreis"]
[Result "1-0"]
[WhiteElo "2454"]
[BlackElo "2183"]
[TimeControl "180+1"]
[EndTime "13:18:18 PDT"]
[Termination "Chesstrainer1 won by resignation"]

1. Nf3 Nf6 2. c4 e6 3. g3 d5 4.
d4 dxc4 5. Bg2 Be7 6. O-O O-O 7. Ne5 c5 8. dxc5 Qxd1 9. Rxd1 Bxc5 10. Nc3 Nbd7 11.
Nxc4 Nb6 12. Nd6 Rb8 13. Bf4 e5 14. Bxe5 Ng4 15. Bd4 Bxd6 16. Bxb6 Bxg3 17. Bxa7 Ra8 18. Bc5 Bxh2+ 19. Kh1 Re8 20. f3 Ra5 21. fxg4 Rxc5 22. Kxh2 Bxg4 23. Rd5 Rxd5 24. Bxd5 Kf8 25. e4 Re7 26. a4 Rc7 27. a5 Ke7 28. Ra4 1-0

[Event "*** Titled Tuesday Blitz"]
[Site "Chess.com"]
[Date "2020.04.07"]
[Round "2"]
[White "Angry_Twin"]
[Black "Gerasimenyuk_Miha"]
[Result "0-1"]
[WhiteElo "2825"]
[BlackElo "2381"]
[TimeControl "180+1"]
[EndTime "13:18:19 PDT"]
[Termination "Gerasimenyuk_Miha won on time"]

1. e4 c6 2. d4 d5 3. e5 c5 4. dxc5 Nc6 5. f4 h5 6. Be3 Bg4 7. Nf3 e6 8. c3 a5 9. Na3 Nge7 10. Nb5 Nf5 11. Bf2 h4 12. Nd6+ Bxd6 13. cxd6 O-O 14. Bb5 f6 15. Bxc6 bxc6 16. O-O fxe5 17. fxe5 h3 18.
g3 Nh4 19. gxh4 Bxf3 20. Qd2 Bg2 21. Rfe1 Qe8 22. Re3 Rf5 23. Rg3 Qh5 24. Rg5 Qh7 25. Rxf5 Qxf5 26. Qg5 Qf7 27. a4 Rf8 28. Qg3 Qh5 29. b4 Qe2 30. Qe3 Qb2 31. Re1 axb4 32.
cxb4 Qxb4 0-1

[Event "*** Titled Tuesday Blitz"]
[Site "Chess.com"]
[Date "2020.04.07"]
[Round "2"]
[White "jmduque"]
[Black "zacachess"]
[Result "1-0"]
[WhiteElo "2507"]
[BlackElo "2278"]
[TimeControl "180+1"]
[EndTime "13:18:19 PDT"]
[Termination "jmduque won by resignation"]

1. e4 c5 2. Nf3 Nc6 3. d4 cxd4 4. Nxd4 g6 5. c4 Bg7 6. Be3 Nf6 7. Nc3 d6 8. Be2 O-O 9. O-O Nxd4 10. Bxd4 a5 11. Qd3 Bd7 12. b3 Bc6 13. a3 Nd7 14. Bxg7 Kxg7 15. b4 axb4 16. axb4 b6 17. Qd4+ Kg8 18. h3 Qc7 19. Nd5 Bxd5 20. cxd5 Qc2 21. Bb5 Nf6 22. f3 Qb3 23. Rab1 Qc2 24. Rb2 Qc7 25. Bc6 Ra3 26. Rbb1 Nd7 27. Ra1 Rxa1 28. Rxa1 Ne5 29.
b5 f5 30. exf5 Rxf5 31. Kh1 Kf7 32. Ra8 Rf6 33. Qh4 Kg7 34. Qa4 e6 35. Ra7 1-0

[Event "*** Titled Tuesday Blitz"]
[Site "Chess.com"]
[Date "2020.04.07"]
[Round "2"]
[White "Vyacheslav_N"]
[Black "Taabling"]
[Result "0-1"]
[WhiteElo "2467"]
[BlackElo "2291"]
[TimeControl "180+1"]
[EndTime "13:18:19 PDT"]
[Termination "Taabling won on time"]

1. e4 e5 2. Nc3 Bc5 3. g3 d6 4. Bg2 h5 5. h3 Nc6 6. Nge2 a6 7. O-O Nge7 8. d3 Ng6 9. Kh2 h4 10. g4 Bd7 11. f4 f6 12. f5 Nge7 13. g5 Nd4 14. Nxd4 Bxd4 15. Ne2 Ba7 16. d4 exd4 17. Nxd4 Nc6 18. Ne6 Bxe6 19. fxe6 Qe7 20. gxf6 gxf6 21. Qg4 O-O-O 22. Qf5 Rdf8 23. c3 Ne5 24. Bf4 Nd3 25. Rad1 Nc5 26. Be3 Kb8 27. Bf3 Nxe6 28. Bxa7+ Kxa7 29.
e5 fxe5 30. Qe4 Nc5 31. Qe3 e4 32. Bg2 Qe5+ 33. Kh1 Kb8 0-1

[Event "*** Titled Tuesday Blitz"]
[Site "Chess.com"]
[Date "2020.04.07"]
[Round "2"]
[White "dopolian"]
[Black "drinbet"]
[Result "1-0"]
[WhiteElo "2504"]
[BlackElo "2275"]
[TimeControl "180+1"]
[EndTime "13:18:20 PDT"]
[Termination "dopolian won by resignation"]

1. Nf3 c5 2. c4 e6 3. Nc3 Nf6 4. d4 cxd4 5. Nxd4 d5 6. cxd5 Nxd5 7. Nxd5 Qxd5 8. e3 Bb4+ 9. Bd2 Bxd2+ 10. Qxd2 O-O 11.
Nf3 Qxd2+ 12. Nxd2 Nc6 13. Be2 e5 14. O-O Be6 15. Rfd1 Rfd8 16. Ne4 Rxd1+ 17. Bxd1 Rd8 18. Nc5 Bxa2 19. Bf3 Bd5 20. Nxb7 Rd7 21. Nc5 Rd8 22. Nb7 Rd7 23. Rd1 Ne7 24. Nc5 Rc7 25. b4 a5 26.
Bxd5 axb4 27. Bb3 g6 28. Ne4 Kg7 29. g3 h5 30. Ng5 Nf5 31. Bxf7 Kf6 32. h4 Rc2 33.
Bd5 Nh6 34. Ne4+ Ke7 35. Rb1 Ng4 36. Rxb4 Rc1+ 37. Kg2 Rc2 38. Kf3 Nh2+ 39. Kg2 Ng4 40. Rb3 Re2 41. Rd3 Nxe3+ 42. Rxe3 Rd2 43. Bc4 1-0

[Event "*** Titled Tuesday Blitz"]
[Site "Chess.com"]
[Date "2020.04.07"]
[Round "2"]
[White "dmosesov"]
[Black "Vadim_Biliy"]
[Result "1-0"]
[WhiteElo "2489"]
[BlackElo "2255"]
[TimeControl "180+1"]
[EndTime "13:18:20 PDT"]
[Termination "dmosesov won by resignation"]

1. d4 d5 2. c4 e6 3. Nc3 Nf6 4. Nf3 Be7 5. g3 O-O 6. Bg2 dxc4 7. Ne5 Qd6 8. O-O Qa6 9. a4 Rd8 10. Nb5 Bd6 11. Nxc4 Ne8 12. Bg5 f6 13. Ncxd6 cxd6 14. Bf4 Bd7 15. Qb3 Nc6 16. Rfd1 Na5 17. Qa2 d5 18. e4 Bc6 19. b4 Nc4 20. Nc7 Nxc7 21.
Bxc7 b5 22. Bxd8 Rxd8 23. exd5 Bxd5 24. Bxd5 Rxd5 25. axb5 Qxb5 26. Qxa7 Qxb4 27. Rab1 Nb2 28. Qa2 1-0

[Event "*** Titled Tuesday Blitz"]
[Site "Chess.com"]
[Date "2020.04.07"]
[Round "2"]
[White "severomorskij"]
[Black "Skatchkov_V"]
[Result "1-0"]
[WhiteElo "2837"]
[BlackElo "2549"]
[TimeControl "180+1"]
[EndTime "13:18:21 PDT"]
[Termination "severomorskij won by resignation"]

1. d4 Nf6 2. c4 e6 3. Nc3 Bb4 4. Nf3 O-O 5. Bg5 b6 6. e4 h6 7. Bh4 g5 8. Nxg5 hxg5 9. Bxg5 Be7 10. Bh6 Kh8 11. e5 Nh7 12. Bd3 f5 13. Bxf8 Qxf8 14. d5 Na6 15. g4 Nc5 16. Bc2 Qg7 17. gxf5 Qxe5+ 18. Kf1 exf5 19. Qh5 d6 20. Re1 Qf6 21. Qe8+ Bf8 22. Rg1 Bb7 23. Qh5 c6 24. Bxf5 Bh6 25.
Rg6 Qf7 26. Rxh6 1-0

[Event "*** Titled Tuesday Blitz"]
[Site "Chess.com"]
[Date "2020.04.07"]
[Round "2"]
[White "josiwales"]
[Black "Yaacovn"]
[Result "1-0"]
[WhiteElo "2529"]
[BlackElo "2741"]
[TimeControl "180+1"]
[EndTime "13:18:21 PDT"]
[Termination "josiwales won by resignation"]

1. e4 c6 2. d4 d5 3. e5 Bf5 4. h4 Qb6 5. g4 Bd7 6. Nc3 e6 7. Nf3 c5 8. a4 a6 9. a5 Qc7 10.
Be3 cxd4 11. Bxd4 Nc6 12. Bb6 Qb8 13. Qe2 Nge7 14. h5 Nc8 15. Na4 Bb4+ 16. c3 Bxa5 17. Bc5 Bc7 18. c4 dxc4 19. Bg2 b5 20. Nc3 Bb6 21.
Ne4 Nxe5 22. Nxe5 Ra7 23. Rd1 Rc7 24. Nd6+ Nxd6 25. Bxd6 Ba5+ 26. Kf1 Bc8 27. Bc6+ Kd8 28. Nxf7+ Rxf7 29. Bxb8+ Ke7 1-0

[Event "*** Titled Tuesday Blitz"]
[Site "Chess.com"]
[Date "2020.04.07"]
[Round "2"]
[White "aNONoNonono"]
[Black "BobanBogosavljevic"]
[Result "0-1"]
[WhiteElo "2510"]
[BlackElo "2756"]
[TimeControl "180+1"]
[EndTime "13:18:21 PDT"]
[Termination "BobanBogosavljevic won on time"]

1. e4 c5 2. Nf3 Nc6 3. d4 cxd4 4. Nxd4 g6 5. Nc3 Bg7 6. Be3 Nf6 7. Nxc6 bxc6 8. e5 Ng8 9. f4 Nh6 10. Qd2 O-O 11.
O-O-O d6 12. h3 Qa5 13. g4 Bxg4 14. hxg4 Nxg4 15. Bg1 dxe5 16. Qg2 h5 17. f5 Bh6+ 18.
Kb1 Rab8 19. Ka1 Rxb2 20. Qxc6 Rxc2 21. Rh3 Qa3 22. Rb1 Bc1 0-1

[Event "*** Titled Tuesday Blitz"]
[Site "Chess.com"]
[Date "2020.04.07"]
[Round "2"]
[White "fpawn"]
[Black "nfds"]
[Result "0-1"]
[WhiteElo "2297"]
[BlackElo "2587"]
[TimeControl "180+1"]
[EndTime "13:18:21 PDT"]
[Termination "nfds won by resignation"]

1. e4 e5 2. Nf3 Nc6 3. d4 exd4 4.
Nxd4 Nf6 5. Nxc6 bxc6 6. e5 Ng8 7. Bd3 g6 8. O-O Bg7 9. Re1 Rb8 10. Nc3 Ne7 11. Rb1 O-O 12. f4 d6 13. exd6 cxd6 14.
Be3 Rxb2 15. Rxb2 Bxc3 16. Rb1 Bxe1 17. Qxe1 Nd5 18. Bd2 Be6 19. Qf2 Qd7 20. Ba6 Nb6 21. a3 c5 22. Bc3 Qa4 23. Bd3 Qxa3 24. Bb2 Qa2 25. Qe1 Nd5 26. c4 Rb8 27. cxd5 Qxd5 28.
Be4 Qc4 29. Ba1 Rxb1 30. Qxb1 Qb4 31. g3 a5 32. Bg2 Qxb1+ 0-1

[Event "*** Titled Tuesday Blitz"]
[Site "Chess.com"]
[Date "2020.04.07"]
[Round "2"]
[White "champ2005"]
[Black "Oneofmyturns"]
[Result "1-0"]
[WhiteElo "3002"]
[BlackElo "2603"]
[TimeControl "180+1"]
[EndTime "13:18:22 PDT"]
[Termination "champ2005 won by resignation"]

1. c4 e6 2. Nf3 d5 3. d4 Nf6 4. g3 Bb4+ 5. Bd2 Be7 6. Bg2 O-O 7.
O-O c6 8. Bc3 b6 9. Nbd2 Nbd7 10.
Qc2 Ba6 11. b3 Rc8 12. e4 c5 13. exd5 exd5 14. Rfe1 dxc4 15. bxc4 cxd4 16. Nxd4 Bc5 17.
Qa4 Nb8 18. N4b3 Nfd7 19. Ne4 Qc7 20. Nbxc5 Nxc5 21. Nxc5 Qxc5 22. Bb4 Qxc4 23. Bf1 Qg4 24. h3 Qf3 25. Bxa6 1-0

[Event "*** Titled Tuesday Blitz"]
[Site "Chess.com"]
[Date "2020.04.07"]
[Round "2"]
[White "Frogo47"]
[Black "lelya96"]
[Result "1-0"]
[WhiteElo "2489"]
[BlackElo "2257"]
[TimeControl "180+1"]
[EndTime "13:18:22 PDT"]
[Termination "Frogo47 won by checkmate"]

1. d4 Nf6 2. c4 e6 3. Nf3 Bb4+ 4. Nbd2 O-O 5. a3 Bxd2+ 6. Bxd2 d6 7. e3 a5 8. b4 axb4 9. axb4 Rxa1 10. Qxa1 Qe7 11.
Be2 Nc6 12. b5 Nd8 13. O-O Ne4 14. Bb4 c5 15. dxc5 dxc5 16. Ba5 Ng5 17. Rd1 Nxf3+ 18. Bxf3 f6 19. Bb6 e5 20. Qa3 Ne6 21. Bd5 Kh8 22. h4 Re8 23. g3 Qd6 24. Qa5 e4 25. Rd2 h6 26. Bxb7 Qe5 27. Bc6 Rf8 28. Qa2 f5 29. Qb2 Qb8 30. Ba5 f4 31. gxf4 Nxf4 32.
exf4 Qxf4 33. Qc3 Bg4 34. Qg3 Qf5 35. Bc3 Bf3 36. Qxg7# 1-0

[Event "*** Titled Tuesday Blitz"]
[Site "Chess.com"]
[Date "2020.04.07"]
[Round "2"]
[White "enriquetejedor"]
[Black "AllStarShark"]
[Result "1-0"]
[WhiteElo "2544"]
[BlackElo "2297"]
[TimeControl "180+1"]
[EndTime "13:18:23 PDT"]
[Termination "enriquetejedor won by resignation"]

1. e4 c6 2. Nc3 d5 3. Nf3 dxe4 4. Nxe4 Nf6 5. Qe2 Nxe4 6. Qxe4 Qd5 7. Qf4 Qf5 8. Qe3 Qe6 9. b3 Qxe3+ 10. fxe3 Bf5 11. d3 Nd7 12. Bb2 f6 13. Nd4 Bg6 14. Ne6 Rc8 15. g3 Bf7 16. Bh3 h5 17. O-O-O h4 18. Nf4 e5 19.
Ng2 hxg3 20. hxg3 Bb4 21. a3 Ba5 22. Nh4 g6 23. Rdf1 Ke7 24. Bxd7 Kxd7 25. Rxf6 Ke7 26. Rhf1 Rcf8 27. Bxe5 Bb6 28. Bd6+ Ke8 29. Bxf8 Rxf8 30. Nxg6 Bxe3+ 31. Kb1 Bd4 32. Re1+ Kd7 33. Nxf8+ 1-0

[Event "*** Titled Tuesday Blitz"]
[Site "Chess.com"]
[Date "2020.04.07"]
[Round "2"]
[White "gmcorrales"]
[Black "kungmongmanh"]
[Result "1-0"]
[WhiteElo "2825"]
[BlackElo "2544"]
[TimeControl "180+1"]
[EndTime "13:18:24 PDT"]
[Termination "gmcorrales won on time"]

1. e4 e6 2. d4 d5 3. e5 c5 4. c3 Nc6 5. Nf3 Bd7 6. Be2 Nge7 7. O-O Nf5 8. Na3 Be7 9. Nc2 O-O 10. Ne3 cxd4 11.
Nxf5 exf5 12. cxd4 Be6 13. a3 Na5 14. Bd2 Nc4 15.
Bc3 Rc8 16. Ne1 b6 17. Rc1 Qd7 18. Nd3 a5 19. g3 Rc7 20. h4 h6 21. Nf4 Rfc8 22.
Qd3 b5 23. Rb1 Nxa3 24. Bxa5 Ra7 25. Bb6 Nc4 26. Bxa7 Qxa7 27. b3 Na3 28. Rbc1 Qd7 29. Bf3 Rxc1 30. Rxc1 g6 31. Qc3 Kg7 32. Qc6 1-0

[Event "*** Titled Tuesday Blitz"]
[Site "Chess.com"]
[Date "2020.04.07"]
[Round "2"]
[White "Volodar_Murzin"]
[Black "tandaleo"]
[Result "1-0"]
[WhiteElo "2681"]
[BlackElo "2328"]
[TimeControl "180+1"]
[EndTime "13:18:25 PDT"]
[Termination "Volodar_Murzin won on time"]

1. e4 e5 2. Nf3 Nc6 3. Bb5 a6 4.
Ba4 Nf6 5. O-O Be7 6. d3 d6 7. a3 O-O 8. Nc3 Be6 9. Ng5 Nd4 10. Nxe6 fxe6 11. Ne2 c5 12. c3 Nxe2+ 13. Qxe2 Qc7 14. Bb3 d5 15. exd5 exd5 16. Bg5 Rad8 17. Rae1 h6 18. Bh4 b5 19. Qxe5 Bd6 20. Qe6+ Kh8 21. Bg3 Bxg3 22. fxg3 c4 23. Bc2 d4 24. cxd4 Rxd4 25. dxc4 Rxc4 26. Bb1 Qc5+ 27. Kh1 Ng4 28. Rxf8+ Qxf8 29. Qe8 Rc8 30. Qxf8+ Rxf8 31. h3 Nf6 32.
Re6 a5 33. Bg6 Rd8 34. Rb6 1-0

[Event "*** Titled Tuesday Blitz"]
[Site "Chess.com"]
[Date "2020.04.07"]
[Round "2"]
[White "HarutyunianTigranK"]
[Black "deBaller"]
[Result "1-0"]
[WhiteElo "2696"]
[BlackElo "2344"]
[TimeControl "180+1"]
[EndTime "13:18:25 PDT"]
[Termination "HarutyunianTigranK won by resignation"]

1. Nf3 Nf6 2. c4 b6 3. Nc3 Bb7 4. d4 g6 5. d5 d6 6. e4 Nbd7 7. Bd3 Bg7 8. O-O O-O 9. Re1 e5 10. Rb1 a5 11. a3 Bc8 12. b4 Nh5 13. Bf1 f5 14. exf5 gxf5 15. Ng5 Ndf6 16. Be2 Nf4 17. Bxf4 exf4 18. Bf3 axb4 19. axb4 Ne4 20. Ncxe4 fxe4 21. Nxe4 Bf5 22. Rc1 Re8 23. h3 Qd7 24. c5 bxc5 25.
bxc5 Ra4 26. c6 Raxe4 27. Bxe4 Qf7 28. Bxf5 Rxe1+ 29. Qxe1 Qxf5 30. Qe8+ Bf8 31. Qd7 Qxd5 32. Qxc7 f3 33. Qd7 Qg5 34. Qg4 1-0